 Dungeon Crawl Stone Soup version 0.30-b1-2-g02819fbbbe (webtiles) character file.

Game seed: 5964416045773164662

26 redmage the Chiller (level 3, -1/26 HPs)
             Began as a Meteoran Ice Elementalist on Aug 4, 2023.
             Killed from afar by a dart slug (4 damage)
             ... with a slug dart
             ... on level 4 of the Dungeon.
             The game lasted 00:04:18 (313 turns).

redmage the Chiller (Meteoran Ice Elementalist)      Turns: 313, Time: 00:04:19

Health: -1/26      AC:  2    Str:  9    XL:     3   Next: 41%
Magic:  2/8        EV: 13    Int: 19    God:
Gold:   25         SH:  0    Dex: 14    Spells: 1/8 levels left

rFire   . . .        (no weapon)
rCold   . . .        (no shield)
rNeg    . . .        a - +0 robe
rPois   .            (no helmet)
rElec   .            (no cloak)
rCorr   .            (no gloves)
SInv    .            (no boots)
Will    .....        (no amulet)
Stlth   +            (no ring)
HPRegen 0.24/turn    (no ring)
MPRegen 0.11/turn

%: no passive effects
@: brilliant, freezing walls, glowing
A: sense surroundings 1, otherworldly, glowing, explore regen
a: no special abilities


You were on level 4 of the Dungeon.
You visited 1 branch of the dungeon, and saw 4 of its levels.

You collected 25 gold pieces.

Inventory:

Armour
 a - a +0 robe (worn)
 f - the +1 tower shield of Ignis, Hurtling {Str+3 SInv}
   (You found it on level 2 of the Dungeon)

   Str:       It affects your strength (+3).
   SInv:      It lets you see invisible.
Scrolls
 e - a scroll of immolation {unknown}
 g - 2 scrolls of magic mapping
 h - a scroll of blinking {unknown}
 i - a scroll of silence
 j - a scroll of fog {unknown}
 k - a scroll of amnesia {unknown}
Potions
 b - a potion of magic
 c - a potion of flight


   Skills:
 - Level 2.9 Dodging
 - Level 1.7 Stealth
 + Level 3.2 Spellcasting
 * Level 4.7 Ice Magic


You had one spell level left.
You knew the following spells:

 Your Spells              Type           Power      Damage    Failure   Level
a - Freeze                Ice            100%       1d10      2%          1
b - Frozen Ramparts       Ice            62%        1d10      6%          3
c - Ozocubu's Armour      Ice            31%        N/A       6%          3

Your spell library contained the following spells:

 Spells                   Type           Power      Damage    Failure   Level
 Cigotuvi's Dreadful Rot  Necr/Pois/Air  8%         N/A       22%         2
 Summon Ice Beast         Ice/Summ       18%        N/A       50%         4
 Dispel Undead            Necr           4%         3d7       83%         4
 Death Channel            Necr           2%         N/A       100%        6


Dungeon Overview and Level Annotations

Branches:
Dungeon (4/15) Zot: 2085
 Temple: D:4-7

Altars:


Innate Abilities, Weirdness & Mutations

You passively map a small area around you.
You are easily found by Zot.
You glow in the dark.
You regain HP and MP as you explore.


Message History

You miss the quokka.
The quokka is almost dead.
The wall freezes the quokka but does no damage.
The quokka closely misses you.
The wall freezes the sleepcap.
The sleepcap closely misses you.
Unknown command.
You hit the sleepcap but do no damage.
The sleepcap is lightly damaged.
The wall freezes the quokka.
You kill the quokka!
The wall freezes the sleepcap but does no damage.
The sleepcap misses you.
Unknown command.
Unknown command.
You hit the sleepcap but do no damage.
The sleepcap is lightly damaged.
The wall freezes the sleepcap but does no damage.
The sleepcap releases spores at you.
You are engulfed in a cloud of soporific spores!
You fall asleep.
The wall freezes the sleepcap.
The sleepcap releases spores at you!!
You wake up.
Ouch! That really hurt!
* * * LOW HITPOINT WARNING * * *
You are engulfed in a cloud of soporific spores!
You are unaffected.
Unknown command.
It was a potion of brilliance.
You feel clever all of a sudden.
The wall freezes the sleepcap.
The sleepcap barely misses you.
Casting: Ozocubu's Armour (quite dangerous; 6% risk of failure)
Confirm with . or Enter, or press ? or * to list all spells.
Aiming: Freeze (safe; 2% risk of failure)
Press: ? - help, Shift-Dir - straight line, f - sleepcap
Aim: a sleepcap (moderately damaged)
You feel a surge of power!
You freeze the sleepcap!
The sleepcap is severely damaged.
The dart slug launches a dart at you. The slug dart hits you.
You die...

* * ** * ###* ####.. ,,
, * ###..###..... * * *
##........######*
..(.....@....<... .. ,
,...####.f†######*..#
,,. ###.†.####..# * *
###w).....## ,
##....>....#
..#######...........
...)................
.#., ###......(.....>.
, *
.....####)###[........#
,


You could see a sleepcap and a dart slug.

Vanquished Creatures
  An adder (D:2)
  A dart slug (D:2)
  3 endoplasms (D:2)
  A giant cockroach (D:1)
  2 jackals (D:4)
  2 kobolds
  A quokka (D:4)
  A goblin (D:4)
  A rat (D:1)
13 creatures vanquished.

Notes
Turn   | Place    | Note
-------+----------+-------------------------------------------
     0 | D:1      | redmage the Meteoran Ice Elementalist began the quest for
                  | the Orb.
     0 | D:1      | Reached XP level 1. HP: 14/14 MP: 5/5
    61 | D:2      | Identified the +1 tower shield of Ignis, Hurtling {Str+3
                  | SInv}
   108 | D:2      | Reached XP level 2. HP: 20/20 MP: 1/7
   210 | D:2      | Reached XP level 3. HP: 22/26 MP: 5/8
   258 | D:1      | Learned a level 3 spell: Frozen Ramparts
   262 | D:1      | Learned a level 3 spell: Ozocubu's Armour
   313 | D:4      | Killed from afar by a dart slug

Illustrated notes

Levels and vault maps discovered:
D:1:      minmay_arrival_stone_box, layout_loops_ring,
          shapermc_ecumenical_altar_venn, chequers_serial_rivers_large_b
D:2:      layout_basic, serial_rivers, chequers_serial_rivers_micro_b,
          chequers_serial_rivers_room_b, chequers_serial_rivers_micro_a,
          chequers_serial_rivers_marsh, chequers_decorated_corner, st_stairs_5,
          grunt_ministairs_7, kennysheep_generic_room_3, uniq_terence
D:3:      layout_basic, jmf_multi_god_temple, minivault_24, uniq_sigmund
D:4:      layout_rooms, chequers_jeans

Skill      XL: |  1 |
---------------+----+-----
Spellcasting   | 3 |  3.2
Dodging        | |  2.9
Stealth        | |  1.7
Ice Magic      | |  4.7

Action                     || total
---------------------------++-------
  Melee: Unarmed           ||     6
   Cast: Freeze            ||    21
         Frozen Ramparts   ||     2
    Use: Scroll            ||     4
         Potion            ||     1
 Armour: Robe              ||     8
  Dodge: Dodged            ||    11
